 Dungeon Crawl Stone Soup version 0.30.1-4-g462c640d31 (webtiles) character file.

Game seed: 3780183269240636663

1280 Arctor the Digger (level 8, -13/41 HPs)
             Began as a Gargoyle Earth Elementalist on Sept 18, 2023.
             Killed by divine providence
             ... invoked by an orc priest
              (16 damage)
             ... on level 6 of the Dungeon.
             The game lasted 00:07:54 (6975 turns).

Arctor the Digger (Gargoyle Earth Elementalist)     Turns: 6975, Time: 00:07:55

Health: -13/41     AC:  8    Str: 12    XL:     8   Next: 54%
Magic:  6/14       EV: 12    Int: 18    God:
Gold:   417        SH:  0    Dex: 10    Spells: 8/16 levels left

rFire   . . .        (no weapon)
rCold   . . .        (no shield)
rNeg    + . .        a - +0 robe
rPois   ∞            (no helmet)
rElec   +            i - +0 cloak
rCorr   .            (no gloves)
SInv    .            (no boots)
Will    .....        s - amulet of the acrobat
Stlth   +++          (no ring)
HPRegen 0.26/turn    (no ring)
MPRegen 0.14/turn

%: acrobat
@: very slightly contaminated
A: sickness immunity, AC +5, negative energy resistance 1, electricity
resistance, torment resistance 1, petrification resistance
a: no special abilities


You were on level 6 of the Dungeon.
You visited 1 branch of the dungeon, and saw 7 of its levels.

You collected 417 gold pieces.

Inventory:

Armour
 a - a +0 robe (worn)
 i - a +0 cloak (worn)
Jewellery
 s - an amulet of the acrobat (around neck)
Wands
 j - a wand of acid (11)
 k - a wand of mindburst (12)
 t - a wand of digging (7)
 u - a wand of iceblast (9)
Scrolls
 d - a scroll of summoning {unknown}
 e - 2 scrolls of noise
 f - a scroll of acquirement
 l - 2 scrolls of enchant weapon {unknown}
 m - a scroll of amnesia {unknown}
 o - 2 scrolls of vulnerability {unknown}
 p - a scroll of poison {unknown}
 q - 4 scrolls of teleportation
 r - a scroll of identify
Potions
 b - 2 potions of magic
 c - a potion of cancellation
 g - a potion of invisibility {unknown}
 h - 2 potions of resistance {unknown}
 n - 2 potions of curing
 v - 2 potions of might {unknown}
 w - a potion of brilliance
 x - a potion of haste {unknown}


   Skills:
 + Level 4.0 Dodging
 + Level 5.7 Stealth
 + Level 4.5 Spellcasting
 + Level 3.6 Transmutations
 + Level 6.4 Earth Magic


You had 8 spell levels left.
You knew the following spells:

 Your Spells              Type           Power      Damage    Failure   Level
a - Sandblast             Erth           54%        2d13      1%          1
b - Stone Arrow           Conj/Erth      30%        3d8       11%         3
c - Petrify               Tmut/Erth      22%        N/A       17%         4

Your spell library contained the following spells:

 Spells                   Type           Power      Damage    Failure   Level
 Passwall                 Tmut/Erth      18%        N/A       2%          2
 Spider Form              Tmut/Pois      10%        N/A       21%         3
 Ensorcelled Hibernation  Hex/Ice        8%         N/A       22%         2
 Anguish                  Hex/Necr       2%         N/A       80%         4


Dungeon Overview and Level Annotations

Branches:
Dungeon (7/15)
 Temple: D:4-7

Altars:
Gozag
Nemelex Xobeh
The Shining One

Annotations:
D:6 1 runed translucent door, bairyn's ghost, novice TrFi


Innate Abilities, Weirdness & Mutations

You are immune to sickness and miasma.
Your stone body is resilient. (AC +5)
You are immune to poison.
You resist negative energy. (rN+)
You are resistant to electric shocks. (rElec)
You are resistant to unholy torment.
You are immune to petrification.


Message History

Nothing appears to happen.
The orc wizard barely misses you.
The blast of sand hits the orc wizard!
You kill the orc wizard!
The orc priest invokes the aid of Beogh against you.
Beogh smites you!
Your Dodging skill increases to level 4!
You are too injured to fight recklessly!
You are too injured to fight recklessly!
You are too injured to fight recklessly!
Unknown command.
You are too injured to fight recklessly!
You are too injured to fight recklessly!
You are too injured to fight recklessly!
Casting: Sandblast (safe; 1% risk of failure)
Confirm with . or Enter, or press ? or * to list all spells.
Aiming: Sandblast (safe; 1% risk of failure)
Press: ? - help, Shift-Dir - straight line, f - orc
Aim: an orc, wielding a +0 whip (83% to hit)
The blast of sand hits the orc!!
You kill the orc!
Casting: Sandblast (safe; 1% risk of failure)
Confirm with . or Enter, or press ? or * to list all spells.
Aiming: Sandblast (safe; 1% risk of failure)
Press: ? - help, Shift-Dir - straight line, f - orc
Aim: an orc, wielding a +0 war axe (83% to hit)
The blast of sand hits the orc!
You kill the orc!
The orc priest mumbles some strange prayers to Beogh against you.
Beogh smites you!
* * * LOW HITPOINT WARNING * * *
Casting: Sandblast (safe; 1% risk of failure)
Confirm with . or Enter, or press ? or * to list all spells.
Aiming: Stone Arrow (dangerous; 11% risk of failure)
Press: ? - help, Shift-Dir - straight line, f - orc priest
Aim: an orc priest, wielding a +0 hand axe and wearing a +0 chain mail (77% to hit)
The stone arrow hits the orc priest.
The orc priest is moderately wounded.
The orc priest mumbles some strange prayers to Beogh against you.
Beogh smites you!
You die...

..........# #.
#########.# . #
~~~~~w#... .#.
r)~~rF+... ...
~~~~WF#..# #.#
############.# #o#
#.#..# #.#.# #)#
#..# ####..#
#@####..# ##.....#
#.)...#.###.###..#
#####.##.#.....#.#
#.###)[......# #.#
##....##.# #.#
##...#.## #.#
......# #.#
......##
#!#.......#


You could see an orc priest.

Vanquished Creatures
  An ice beast (D:5)
  2 orc warriors (D:6)
  2 ogres (D:6)
  A kobold brigand (D:6)
  2 scorpions (D:5)
  A gnoll sergeant (D:5)
  An orc priest (D:3)
  A jelly (D:6)
  A hound (D:5)
  4 iguanas
  4 orc wizards (D:6)
  10 gnolls
  12 adders
  3 worms (D:2)
  3 dart slugs
  8 orcs
  3 bats
  6 endoplasms
  2 giant cockroaches (D:2)
  2 goblins (D:2)
  3 hobgoblins
  8 jackals
  6 kobolds
  5 quokkas
  5 ball pythons
  3 frilled lizards
  2 rats
101 creatures vanquished.

Notes
Turn   | Place    | Note
-------+----------+-------------------------------------------
     0 | D:1      | Arctor the Gargoyle Earth Elementalist began the quest for
                  | the Orb.
     0 | D:1      | Reached XP level 1. HP: 10/10 MP: 3/3
   105 | D:1      | Found a faded altar of an unknown god.
   184 | D:1      | Reached skill level 1 in Transmutations
   184 | D:1      | Reached XP level 2. HP: 15/15 MP: 0/5
   675 | D:2      | Reached XP level 3. HP: 19/19 MP: 3/6
   718 | D:2      | Reached skill level 4 in Earth Magic
   810 | D:2      | Reached XP level 4. HP: 24/24 MP: 3/7
  1723 | D:2      | Reached XP level 5. HP: 28/28 MP: 7/9
  2044 | D:3      | Learned a level 3 spell: Stone Arrow
  2418 | D:3      | Found an opulent altar of Gozag.
  2951 | D:4      | Reached XP level 6. HP: 26/32 MP: 6/10
  2958 | D:4      | Identified a scroll of acquirement
  3524 | D:4      | Found a sparkling altar of Nemelex Xobeh.
  3677 | D:5      | Entered Level 5 of the Dungeon
  4353 | D:5      | Reached skill level 5 in Earth Magic
  4666 | D:5      | Noticed an ice beast
  4670 | D:5      | Killed an ice beast
  4671 | D:5      | Reached XP level 7. HP: 30/36 MP: 2/12
  5356 | D:5      | Found a glowing golden altar of the Shining One.
  5466 | D:6      | Learned a level 4 spell: Petrify
  5741 | D:6      | Reached skill level 5 in Stealth
  5741 | D:6      | Reached XP level 8. HP: 39/41 MP: 9/14
  5889 | D:6      | Reached skill level 6 in Earth Magic
  6911 | D:6      | Found a runed translucent door.
  6921 | D:6      | Noticed bairyn's ghost (novice TrFi)
  6975 | D:6      | Killed from afar by an orc priest

Illustrated notes

Levels and vault maps discovered:
D:1:      lightli_molten_gateway, layout_rooms,
          hellmonk_ecumenical_altar_arch_garden, minmay_tromino_v2
D:2:      wad_woods_settlement, layout_basic, kennysheep_generic_room_14
D:3:      layout_basic, nicolae_gozag_cash_rules_everything_around_me
D:4:      layout_basic, marbit_many_paths, serial_aquarium,
          aquarium_bridge_long_separate [aquarium_subvault_bridge,
          aquarium_subvault_bridge, aquarium_subvault_bridge,
          aquarium_subvault_balcony, aquarium_subvault_wall,
          aquarium_subvault_bridge], aquarium_window_fake, aquarium_window_fake,
          aquarium_window_corridor_2, aquarium_view_2d, aquarium_view_2b,
          aquarium_balcony_5b, kennysheep_small_spiral, kennysheep_nub,
          hangedman_decor_lopped
D:5:      layout_basic, tso_oasis_becter
D:6:      layout_loops_ring, ebering_ghost_sewer_f, st_stairs_4,
          kennysheep_generic_room_5
D:7:      layout_loops_corners, minmay_temple_entry_mini_moons, uniq_duvessa

Skill      XL: |  1  2  3  4  5  6  7  8 |
---------------+-------------------------+-----
Transmutations | 1 2 3 |  3.6
Earth Magic    | 4 5 6 |  6.4
Dodging        | 2 3 4 |  4.0
Stealth        | 3 4 5 |  5.7
Spellcasting   | 3 4 |  4.5

Action                     |  1- 3 |  4- 6 |  7- 9 || total
---------------------------+-------+-------+-------++-------
  Melee: Unarmed           |    17 |    21 |     5 ||    43
         Punch             |       |     1 |       ||     1
   Cast: Sandblast         |    35 |   103 |    49 ||   187
         Stone Arrow       |       |    10 |    29 ||    39
         Petrify           |       |       |     1 ||     1
  Evoke: Wand              |       |     1 |       ||     1
    Use: Scroll            |       |     5 |       ||     5
         Potion            |       |     1 |     2 ||     3
   Stab: Sleeping          |       |     3 |       ||     3
 Armour: Robe              |    13 |    32 |    18 ||    63
  Dodge: Dodged            |    31 |    56 |    41 ||   128
